 Dungeon Crawl Stone Soup version 0.19.5 (webtiles) character file.

43122 wolfsongas the Severer (level 13, -18/122 HPs)
             Began as a Minotaur Fighter on May 3, 2017.
             Was an Initiate of Gozag.
             Demolished by an ettin
             ... wielding a +0 dire flail
              (37 damage)
             ... on level 14 of the Dungeon.
             The game lasted 01:37:12 (22074 turns).

wolfsongas the Severer (Minotaur Fighter)          Turns: 22074, Time: 01:37:13

Health: -18/122    AC: 26    Str: 26    XL:     13   Next: 89%
Magic:  12/12      EV:  7    Int:  5    God:    Gozag
Gold:   3751       SH: 16    Dex: 12    Spells: 0 memorised, 12 levels left

rFire  + . .     SeeInvis +     t - +3 hand axe (distort)
rCold  + . .     Gourm    .     u - +3 plate armour
rNeg   + . .     Faith    .     n - +2 shield
rPois  +         Spirit   .     c - +2 hat {SInv}
rElec  +         Reflect  .     f - +1 cloak
rCorr  +         Harm     .     i - +0 pair of gloves
MR     .....                    r - +0 pair of boots
Stlth  ..........               y - amulet of rage
                                B - ring of positive energy
                                l - ring of resist corrosion

@: resistant
A: retaliatory headbutt, horns 2, agile 1, mutation resistance 1, wild magic 1
a: Potion Petition, Call Merchant, Bribe Branch, Renounce Religion, Evoke
Berserk Rage


You were on level 14 of the Dungeon.
You worshipped Gozag.
Gozag was most pleased with you.
You were full.

You visited 2 branches of the dungeon, and saw 18 of its levels.
You also visited: Sewer.

You collected 4568 gold pieces.
You spent 369 gold pieces at shops.
You paid 448 gold pieces to Gozag.

Inventory:

Hand Weapons
 d - a +0 vampiric falchion
 e - a +0 war axe
 t - a +3 hand axe of distortion (weapon)
 D - the cursed +0 triple sword of Dawn {pain, rPois rF+}
   (You found it on level 13 of the Dungeon)

   In the hands of one skilled in necromantic magic, it inflicts extra damage on
   living creatures.
   It protects you from fire.
   It protects you from poison.
   It has a curse placed upon it.
Armour
 c - a +2 hat of see invisible (worn)
 f - a +1 cloak (worn)
 i - a +0 pair of gloves (worn)
 n - a +2 shield (worn)
 r - a +0 pair of boots (worn)
 u - a +3 plate armour (worn)
Jewellery
 g - an uncursed ring of resist corrosion
 l - a ring of resist corrosion (left hand)
 y - an amulet of rage (around neck)
 B - a ring of positive energy (right hand)
Wands
 m - a wand of random effects (38/48)
 x - a wand of polymorph (7/24)
Scrolls
 a - 9 scrolls of identify
 s - 2 scrolls of fear
 H - 3 scrolls of recharging
 I - 3 scrolls of remove curse
Potions
 b - a potion of lignification
 h - a potion of brilliance
 j - 5 potions of invisibility {unknown}
 k - 3 potions of magic {unknown}
 p - 5 potions of flight {unknown}
 C - 2 potions of agility
Comestibles
 q - 7 royal jellies
 A - a meat ration
 F - a bread ration


   Skills:
 + Level 13.3 Fighting
 - Level 5.3 Long Blades
 * Level 16.6 Axes
 + Level 13.2 Armour
 + Level 13.2 Shields


You had 12 spell levels left.
You didn't know any spells.

Dungeon Overview and Level Annotations

Branches:
Dungeon (14/15)            Temple (0/1) D:4            Lair (4/6) D:11
  Swamp (0/4) Lair:2          Orc (0/2) D:10
  Snake: Lair:2-4    Spider: Lair:2-4    Vaults: D:13-14

Altars:
Cheibriados
Fedhas
Gozag
Kikubaaqudgha
Makhleb
Nemelex Xobeh
Okawaru
Ru
Sif Muna
Uskayaw
Xom
Yredelemnul
Zin

Shops:
D:6 }*   D:7 *   D:13 [   D:14 *?

Portals:
Trove: D:12 (show abyssal rune of Zot)

Annotations:
D:4 Eustachio
D:7 Joseph
D:14 Kirke
Lair:4 Rupert
Abyss:1 Erica, Maurice


Innate Abilities, Weirdness & Mutations

You reflexively headbutt those who attack you in melee.
You have a pair of horns on your head.
You are agile. (Dex +2)
You are somewhat resistant to further mutation.
Your spells are a little harder to cast, but a little more powerful.


Message History

* * * LOW HITPOINT WARNING * * *
You block the ettin's attack.
You slash the ettin!
The ettin is almost dead.
You hit the sphinx.
Space bends around the sphinx.
The ettin blinks!
You block the sphinx's attack. The sphinx hits you.
* * * LOW HITPOINT WARNING * * *
The sphinx hits you.
* * * LOW HITPOINT WARNING * * *
The sphinx hits you.
* * * LOW HITPOINT WARNING * * *
The sphinx hits you but does no damage. You block the sphinx's attack.
You slice the sphinx!!
The sphinx is moderately wounded.
The sphinx disappears!
You see here a large rock.
You start resting.
You block the ettin's attack. The ettin hits you with a dire flail!!!
You die...
Your body crumbles into a pile of gold.

........[.....^.....#
≈≈≈≈≈≈≈(≈≈≈≈≈≈≈≈≈≈≈.#
##########'(##########≈.#
#.....(...........^..#≈.#
#..........).......).#≈.#
#..################..#≈.#
#..#$ ........$($#..#≈.#
#..# .......$C..#..#≈.#
#..# ###''####@.#..#≈.#
#..# $... $#(.#..#≈.#
#..# .. #..#..#≈.# #..#
#..#..#≈.# #..#..#
#..#..#≈.# #..#..#
#..#..#≈.# #..#..#
#..#..#≈.# #..#..#
#..#..#≈.# #).#..#$
$#..#..#≈.#


You could see an ettin.

Vanquished Creatures
  Gastronok (D:8)
  A centaur warrior (D:14)
  A tengu warrior (D:13)
  Sonja (Lair:1)
  A wizard (D:14)
  An unseen horror (D:13)
  An orc knight (D:14)
  Pikel (D:5)
  2 hill giants
  2 ugly things
  A harpy (D:13)
  3 cyclopes
  7 elephants (Lair:4)
  A manticore (D:14)
  A centaur zombie (D:11)
  A black mamba (Lair:3)
  3 gargoyles
  4 spiny frogs
  5 komodo dragons
  2 kobold demonologists (D:12)
  The ghost of Rufus the Slasher, an amateur NaSk (D:4)
  3 meliai (D:13)
  A troll (D:11)
  A polar bear (Lair:3)
  A meliai zombie (D:14)
  11 blink frogs
  8 hippogriffs
  A water elemental (D:14)
  3 shadows
  11 yaks
  A wyvern (Lair:4)
  3 basilisks
  3 hogs (D:14)
  A mottled dragon (D:14)
  6 vampire mosquitoes
  A swamp worm (Lair:2)
  3 water moccasins (Lair:2)
  6 porcupines
  A black bear (D:8)
  6 orc warriors
  4 slaves (D:5)
  5 phantoms
  3 ice beasts
  7 ogres
  3 wolves (Lair:3)
  4 crocodiles
  13 centaurs
  6 big kobolds
  13 bullfrogs
  A wyvern zombie (D:14)
  A wyvern skeleton (D:14)
  4 jellies
  A scorpion (D:8)
  A water moccasin skeleton (D:5)
  9 killer bees
  5 wights (D:6)
  2 howler monkeys
  6 crimson imps
  2 bullfrog zombies
  7 hounds
  7 orc priests
  Ijyb (D:2)
  A centaur skeleton (D:4)
  Terence (D:2)
  6 iguanas
  14 orc wizards
  7 worker ants
  4 hound skeletons
  A worker ant zombie (D:5)
  7 gnolls
  15 adders
  4 shadow imps
  5 oozes (D:9)
  2 adder skeletons
  2 worms
  5 dart slugs
  7 leopard geckos
  55 orcs
  6 ball pythons
  A bat zombie (D:9)
  6 giant cockroaches
  6 hobgoblins
  6 jackals
  9 quokkas
  7 bats
  8 frilled lizards
  4 goblins
  A jackal skeleton (D:8)
  38 kobolds
  A leopard gecko skeleton (D:6)
  A leopard gecko zombie (D:6)
  2 quokka skeletons (D:4)
  A quokka zombie (D:7)
  12 rats
  2 rat zombies (D:9)
  2 fungi
  2 plants
468 creatures vanquished.

Vanquished Creatures (collateral kills)
  A centaur zombie (D:7)
1 creature vanquished.

Vanquished Creatures (others)
  3 hydras
  4 dancing weapons (D:13)
  2 tengu warriors (D:13)
  2 harpies (D:13)
  A deep elf mage (D:14)
  An ugly thing (D:14)
  5 elephants (Lair:4)
  A black mamba (Lair:1)
  A komodo dragon (Lair:2)
  2 tyrant leeches (Lair:2)
  A hornet (D:14)
  A yak (Lair:2)
  A basilisk (Lair:1)
  A water moccasin (D:5)
  2 ice beasts
  A wolf (Lair:3)
  2 phantoms
  A centaur (D:10)
  4 big kobolds
  A bullfrog (D:9)
  2 howler monkeys
  A crimson imp (D:13)
  An iguana (D:5)
  A worker ant zombie (D:8)
  2 kobolds
  11 fungi
  15 plants
70 creatures vanquished.

Grand Total: 539 creatures vanquished

Notes
Turn   | Place    | Note
-------+----------+-------------------------------------------
     0 | D:1      | wolfsongas the Minotaur Fighter began the quest for the Orb.
     0 | D:1      | Reached XP level 1. HP: 19/19 MP: 0/0
   209 | D:1      | Reached XP level 2. HP: 25/27 MP: 1/1
   907 | D:2      | Found a faded altar of an unknown god.
   933 | D:2      | Became a worshipper of Gozag Ym Sagoz the Greedy
  1033 | D:2      | Noticed Ijyb
  1047 | D:2      | Killed Ijyb
  1047 | D:2      | Reached XP level 3. HP: 31/33 MP: 2/2
  1236 | D:2      | Noticed Terence
  1247 | D:2      | Killed Terence
  1247 | D:2      | Reached XP level 4. HP: 41/41 MP: 3/3
  1678 | D:3      | Found a sacrificial altar of Ru.
  1687 | D:3      | Found a deep blue altar of Sif Muna.
  1692 | D:3      | Found a snail-covered altar of Cheibriados.
  1721 | D:3      | Noticed an ice beast
  1731 | D:3      | Killed an ice beast
  1731 | D:3      | Reached skill level 5 in Fighting
  1731 | D:3      | Reached skill level 5 in Shields
  1731 | D:3      | Reached XP level 5. HP: 4/48 MP: 4/4
  1866 | D:3      | Reached skill level 5 in Armour
  2447 | D:3      | Reached XP level 6. HP: 52/56 MP: 5/5
  2605 | D:3      | Found an iron altar of Okawaru.
  2983 | D:4      | Found a staircase to the Ecumenical Temple.
  3323 | D:4      | Reached XP level 7. HP: 62/62 MP: 6/6
  3485 | D:4      | Noticed Rufus's ghost (amateur NaSk)
  3507 | D:4      | Killed Rufus's ghost
  3507 | D:4      | Reached skill level 5 in Long Blades
  3546 | D:4      | Reached skill level 1 in Axes
  3721 | D:4      | Found Ziemno's Food Shop.
  3751 | D:4      | Noticed Eustachio
  3992 | D:5      | Entered Level 5 of the Dungeon
  4009 | D:5      | Reached skill level 2 in Axes
  4056 | D:5      | Found a glowing drain.
  4099 | D:5      | Reached XP level 8. HP: 62/71 MP: 7/7
  4124 | Sewer    | Entered a sewer
  4251 | Sewer    | Got a crystal mace
  4345 | Sewer    | Reached skill level 3 in Axes
  4474 | Sewer    | Identified the cursed +1 mace of Idaorghaff {crush, *Contam MR++} (You found it in a sewer)
  4652 | D:5      | Noticed Pikel
  4670 | D:5      | Reached skill level 4 in Axes
  4685 | D:5      | Found a faded altar of an unknown god.
  4685 | D:5      | Found a faded altar of an unknown god.
  4694 | D:5      | Found a faded altar of an unknown god.
  4701 | D:5      | Found a blossoming altar of Fedhas.
  4703 | D:5      | Found a faded altar of an unknown god.
  4787 | D:5      | Reached skill level 5 in Axes
  5308 | D:5      | Killed Pikel
  5308 | D:5      | Reached skill level 6 in Axes
  5308 | D:5      | Reached XP level 9. HP: 77/81 MP: 8/8
  5799 | D:6      | Found Rapn's Gadget Boutique.
  5820 | D:6      | Reached skill level 7 in Axes
  6018 | D:6      | Found a sparkling altar of Nemelex Xobeh.
  6061 | D:6      | Found an opulent altar of Gozag.
  6279 | D:6      | Found a hide-covered altar of Uskayaw.
  6499 | D:6      | Found Qimog's Assorted Antiques.
  6940 | D:6      | Identified Sif Muna's Papyrus of Changing and the Rocks
  7029 | D:6      | Reached skill level 8 in Axes
  7235 | D:7      | Noticed a gargoyle
  7243 | D:7      | Killed a gargoyle
  7550 | D:7      | Found Zin's Purification Station.
  7551 | D:7      | Found a glowing silver altar of Zin.
  7608 | D:7      | Noticed Joseph
  8860 | D:8      | Reached XP level 10. HP: 90/90 MP: 9/9
  8979 | D:8      | Noticed Gastronok
  9009 | D:8      | Noticed Maurice
  9030 | D:8      | Banished Maurice
  9030 | D:8      | Reached skill level 9 in Axes
  9072 | D:8      | Killed Gastronok
  9812 | D:8      | Reached skill level 10 in Axes
  9926 | D:9      | Found a basalt altar of Yredelemnul.
 10160 | D:9      | Noticed Erica
 10175 | D:9      | Banished Erica
 10209 | D:9      | Noticed a gargoyle
 10221 | D:9      | Killed a gargoyle
 10221 | D:9      | Reached skill level 10 in Armour
 10743 | D:9      | Found a burning altar of Makhleb.
 10743 | D:9      | Found a shimmering altar of Xom.
 11282 | D:9      | Found an ancient bone altar of Kikubaaqudgha.
 11536 | D:10     | Entered Level 10 of the Dungeon
 11694 | D:10     | Found a staircase to the Orcish Mines.
 11732 | D:10     | Reached skill level 10 in Fighting
 11756 | D:10     | Reached skill level 10 in Shields
 12481 | D:10     | Noticed a hill giant
 12492 | D:10     | Killed a hill giant
 12492 | D:10     | Reached skill level 11 in Axes
 12492 | D:10     | Reached XP level 11. HP: 79/99 MP: 10/10
 13095 | D:11     | Found a staircase to the Lair.
 13458 | Lair:1   | Entered Level 1 of the Lair of Beasts
 13518 | Lair:1   | Reached skill level 12 in Axes
 13784 | Lair:1   | Noticed Sonja
 13803 | Lair:1   | Killed Sonja
 15007 | Lair:2   | Found a staircase to the Swamp.
 15194 | Lair:2   | Reached skill level 13 in Axes
 15195 | Lair:2   | Noticed an eight-headed hydra
 15201 | Lair:2   | Banished an eight-headed hydra
 15205 | Lair:2   | Reached XP level 12. HP: 63/110 MP: 11/11
 16014 | Lair:3   | Noticed a six-headed hydra
 16019 | Lair:3   | Banished a seven-headed hydra
 16490 | Lair:3   | Reached skill level 14 in Axes
 16908 | Lair:4   | Noticed a five-headed hydra
 17277 | Lair:4   | Noticed a five-headed hydra
 17375 | Lair:4   | Noticed Rupert
 18545 | D:12     | Reached skill level 15 in Axes
 18550 | D:12     | Reached XP level 13. HP: 119/119 MP: 12/12
 18656 | D:12     | Found a portal to a secret trove of treasure.
 19555 | D:13     | Found Oliorphuu's Armour Boutique.
 20279 | D:13     | Found a large runed door.
 20279 | D:13     | Found a large runed door.
 20345 | D:13     | Got a twisted triple sword
 20414 | D:13     | Identified the cursed +0 triple sword of Dawn {pain, rPois rF+} (You found it on level 13 of the Dungeon)
 20668 | D:13     | Gained mutation: You are agile. (Dex +2) [potion of mutation]
 20668 | D:13     | Gained mutation: Your spells are a little harder to cast, but a little more powerful. [potion of mutation]
 20668 | D:13     | Gained mutation: You are somewhat resistant to further mutation. [potion of mutation]
 20854 | D:13     | Reached skill level 16 in Axes
 21259 | D:14     | Found Nosori's General Store.
 21260 | D:14     | Noticed Kirke
 21262 | D:14     | Found Kuiny's Magic Scroll Boutique.
 21304 | D:14     | Bought a scroll of enchant armour for 97 gold pieces
 21312 | D:14     | Bought a scroll of identify for 34 gold pieces
 21312 | D:14     | Bought 3 scrolls of identify for 102 gold pieces
 21312 | D:14     | Bought a scroll of identify for 34 gold pieces
 21312 | D:14     | Bought a scroll of identify for 34 gold pieces
 21312 | D:14     | Bought a scroll of identify for 34 gold pieces
 21312 | D:14     | Bought a scroll of identify for 34 gold pieces
 21994 | D:14     | Noticed a stone giant
 22016 | D:14     | Banished a stone giant
 22046 | D:14     | Noticed a frost giant
 22050 | D:14     | Noticed a sphinx
 22062 | D:14     | Noticed an ettin
 22074 | D:14     | Demolished by an ettin

Skill      XL: |  1  2  3  4  5  6  7  8  9 10 11 12 13 |
---------------+----------------------------------------+-----
Fighting       | 4 5 6 7 8 10 11 12 13 | 13.3
Long Blades    | 3 4 5 |  5.3
Armour         | 4 5 6 8 9 10 11 12 13 | 13.2
Shields        | 4 5 6 7 8 10 11 12 13 | 13.2
Axes           | 2 6 8 11 13 15 16 | 16.6

Action                   |  1- 3 |  4- 6 |  7- 9 | 10-12 | 13-15 || total
-------------------------+-------+-------+-------+-------+-------++-------
Melee: Long sword        |    75 |    48 |       |       |       ||   123
       Headbutt          |    11 |    32 |    62 |   173 |    59 ||   337
       Falchion          |       |   103 |    17 |       |       ||   120
       Hand axe          |       |       |   402 |   749 |   322 ||  1473
Invok: Potion Petition   |       |     1 |     1 |       |       ||     2
  Use: Scroll            |     4 |     7 |     7 |    15 |     6 ||    39
       Potion            |     1 |     1 |    10 |     9 |     3 ||    24
 Stab: Distracted        |       |       |     1 |     5 |     1 ||     7
  Eat: Bread ration      |     1 |     1 |     2 |       |     1 ||     5
       Meat ration       |       |       |     2 |     3 |     1 ||     6
       Beef jerky        |       |       |     1 |     2 |     2 ||     5
       Royal jelly       |       |       |       |     6 |       ||     6
       Pizza             |       |       |       |     1 |       ||     1
Armor: Scale mail        |    37 |    25 |       |       |       ||    62
       Leather armour    |       |    31 |       |       |       ||    31
       Plate armour      |       |     3 |   198 |   305 |   157 ||   663
Dodge: Dodged            |    28 |    55 |    86 |   146 |    62 ||   377
Block: Shield            |    44 |    98 |   262 |   480 |   229 ||  1113
       Rpst.: Long sword |     8 |    12 |       |       |       ||    20
       Falchion          |       |    14 |     1 |       |       ||    15
